 Dungeon Crawl Stone Soup version 0.21.1 (webtiles) character file.

105 letownia2 the Conjurer (level 4, -2/30 HPs)
             Began as a Demonspawn Wizard on Feb 3, 2018.
             Killed by nerve-wracking pain
             ... invoked by an orc priest
              (12 damage)
             ... on level 4 of the Dungeon.
             The game lasted 00:05:12 (1556 turns).

letownia2 the Conjurer (Demonspawn Wizard)          Turns: 1556, Time: 00:05:12

Health: -2/30      AC:  2    Str:  8    XL:     4   Next: 53%
Magic:  1/8        EV: 12    Int: 20    God:
Gold:   81         SH:  0    Dex: 11    Spells: 0/9 levels left

rFire    . . .     SeeInvis .   e - +0 short sword
rCold    . . .     Gourm    .   (no shield)
rNeg     . . .     Faith    .   a - +0 robe
rPois    +         Spirit   .   b - +0 hat
rElec    .         Reflect  .   (no cloak)
rCorr    .         Harm     .   (no gloves)
MR       .....                  (no boots)
Stlth    +++.......             (no amulet)
HPRegen  0.10/turn              m - ring of poison resistance
MPRegen  0.11/turn              (no ring)

@: flying, very slightly contaminated
A: nightstalker 1
a: no special abilities


You were on level 4 of the Dungeon.
You were not hungry.

You visited 1 branch of the dungeon, and saw 4 of its levels.

You collected 81 gold pieces.

Inventory:

Hand Weapons
 e - a +0 short sword (weapon)
Missiles
 k - 11 poisoned needles
Armour
 a - a +0 robe (worn)
 b - a +0 hat (worn)
 n - a +0 ring mail
Jewellery
 m - a ring of poison resistance (left hand)
Scrolls
 f - a scroll of enchant weapon {unknown}
 g - 3 scrolls of amnesia {unknown}
 l - 2 scrolls of identify {unknown}
Potions
 h - a potion of flight
Books
 c - a book of Minor Magic

   Spells                             Type                      Level
   a - Magic Dart                     Conjuration                  1
   b - Blink                          Translocation                2
   c - Call Imp                       Summoning                    2
   d - Slow                           Hexes                        2
   e - Conjure Flame                  Conjuration/Fire             3
   f - Mephitic Cloud                 Conjuration/Poison/Air       3
Comestibles
 d - 2 rations


   Skills:
 - Level 1.7 Dodging
 - Level 1.7 Stealth
 - Level 3.0 Spellcasting
 - Level 3.3 Conjurations
   Level 1.0 Summonings
 - Level 0.8 Translocations
 + Level 1.2 Fire Magic
 + Level 1.1 Air Magic
 + Level 1.3 Poison Magic


You couldn't memorise any spells.
You knew the following spells:

 Your Spells              Type           Power        Failure   Level  Hunger
a - Magic Dart            Conj           ###.         3%          1    None
b - Blink                 Tloc           N/A          16%         2    ##.....
c - Conjure Flame         Conj/Fire      ##......     17%         3    ###....
e - Mephitic Cloud        Conj/Pois/Air  ##......     19%         3    ###....


Dungeon Overview and Level Annotations

Branches:
Dungeon (4/15)
 Temple: D:4-7

Altars:

Shops:
D:4 (

Annotations:
D:3 Terence


Innate Abilities, Weirdness & Mutations

You are slightly more attuned to the shadows.


Message History

The orc priest closely misses you.
You hit the orc priest.
The orc priest is lightly wounded.
The orc priest barely misses you.
You barely miss the orc priest.
The orc priest is lightly wounded.
The orc priest hits you with a mace.
You hit the orc priest.
The orc priest is moderately wounded.
The orc priest hits you with a mace.
You barely miss the orc priest.
The orc priest is moderately wounded.
You closely miss the orc priest.
The orc priest is moderately wounded.
The orc priest hits you with a mace!
You hit the orc priest.
The orc priest is moderately wounded.
The orc priest mumbles some strange prayers to Beogh against you.
Pain shoots through your body!
You die...

##############........).#
.. #.........####### ###
##.##.#########..... ...
.....o.........>..>.. ..(
.......####)####..... ###
###.##.# #a# .... ... ...
##(### ..[ #.# ###.
#%o..# ## #. . #.@..#
#....# # #....# .# #....#
# #....# .# #....# #.
#....#


You could see a worker ant (confused) and an orc priest.

Vanquished Creatures
  A hound (D:4)
  A bullfrog skeleton (D:4)
  A worker ant (D:4)
  An ooze (D:4)
  A leopard gecko (D:3)
  4 orcs (D:4)
  A giant cockroach (D:4)
  2 goblins
  A ball python (D:4)
  2 kobolds (D:1)
  3 rats
18 creatures vanquished.

Notes
Turn   | Place    | Note
-------+----------+-------------------------------------------
     0 | D:1      | letownia2 the Demonspawn Wizard began the quest for the Orb.
     0 | D:1      | Reached XP level 1. HP: 13/13 MP: 4/4
   298 | D:3      | Noticed Terence
   524 | D:2      | You fall through a shaft!
   581 | D:3      | Gained mutation: You are slightly more attuned to the shadows. [demonic ancestry]
   581 | D:3      | Reached XP level 2. HP: 16/19 MP: 3/6
  1053 | D:4      | Reached XP level 3. HP: 8/24 MP: 0/7
  1181 | D:4      | Learned a level 3 spell: Mephitic Cloud
  1185 | D:4      | Learned a level 3 spell: Conjure Flame
  1248 | D:4      | Found Tulem's Antique Weapon Emporium.
  1271 | D:4      | Reached XP level 4. HP: 25/30 MP: 4/8
  1300 | D:4      | Reached skill level 1 in Fire Magic
  1300 | D:4      | Reached skill level 1 in Air Magic
  1300 | D:4      | Reached skill level 1 in Poison Magic
  1367 | D:4      | Learned a level 2 spell: Blink
  1556 | D:4      | Killed from afar by an orc priest

Skill      XL: |  1  2  3  4 |
---------------+-------------+-----
Conjurations   | 2 3 |  3.3
Fire Magic     | 1 |  1.2
Air Magic      | 1 |  1.1
Poison Magic   | 1 |  1.3
Dodging        | |  1.7
Stealth        | |  1.7
Spellcasting   | |  3.0
Summonings     | |  1.0
Translocations | |  0.8

Action                   |  1- 3 |  4- 6 || total
-------------------------+-------+-------++-------
Melee: Short sword       |     6 |    39 ||    45
Throw: Javelin           |     5 |     2 ||     7
 Cast: Magic Dart        |    39 |    12 ||    51
       Mephitic Cloud    |     1 |     2 ||     3
  Use: Potion            |       |     1 ||     1
 Stab: Confused          |       |     2 ||     2
  Eat: Chunk             |       |     2 ||     2
Armor: Robe              |     4 |     4 ||     8
Dodge: Dodged            |    18 |    33 ||    51
